 Dungeon Crawl Stone Soup version 0.14-a0-1773-ge500af7 (webtiles) character file.

277 Mitsuki the Grave Robber (level 5, -1/35 HPs)
             Began as a Demonspawn Necromancer on Jan 7, 2014.
             Slain by mopl's ghost (11 damage)
             ... on Level 3 of the Dungeon.
             The game lasted 00:21:19 (2879 turns).

Mitsuki the Grave Robber (Demonspawn Necromancer)   Turns: 2879, Time: 00:21:19

HP  -1/35        AC  2     Str  8      XL: 5   Next: 48%
MP   6/11        EV 14     Int 17      God:
Gold 77          SH  0     Dex 14      Spells:  3 memorised,  2 levels left

rFire  . . .     SeeInvis .     h - +0 club
rCold  . . .     Clarity  .     a - +0 robe
rNeg   . . .     Conserve .     (no shield)
rPois  .         rCorr    .     (no helmet)
rElec  .         rRot     .     (no cloak)
SustAb . .       Spirit   .     (no gloves)
rMut   .         Warding  .     (no boots)
Saprov + . .     Stasis   .     (no amulet)
                                (no ring)
                                (no ring)

@: regenerating, slightly resistant to hostile enchantments, fairly stealthy
A: repulsion field 1, powered by death 1, saprovore 1
a: no special abilities


You were on level 3 of the Dungeon.
You were hungry.

You visited 1 branch of the dungeon, and saw 3 of its levels.

You collected 77 gold pieces.

Inventory:

Hand weapons
 h - a +0,+0 club (weapon)
Armour
 a - a +0 robe (worn)
Comestibles
 c - 3 bread rations
Scrolls
 d - 2 scrolls of curse jewellery {unknown}
 e - 3 scrolls of teleportation {unknown}
 g - a scroll of amnesia {unknown}
 j - 2 scrolls of identify {unknown}
 k - a scroll of immolation {unknown}
 l - a scroll of noise {unknown}
 m - a scroll of magic mapping {unknown}
 n - a scroll of curse weapon {unknown}
 o - a scroll of random uselessness {unknown}
 p - 3 scrolls of remove curse
 r - a scroll of curse armour {unknown}
Potions
 f - a potion of mutation {unknown}
 i - a potion of heal wounds {unknown}
 q - a potion of cure mutation {unknown}
 s - a potion of curing {unknown}
Books
 b - a book of Necromancy

   Spells                             Type                      Level
   *Pain                              Necromancy                   1
   Animate Skeleton                   Necromancy                   1
   Lethal Infusion                    Charms/Necromancy            2
   Vampiric Draining                  Necromancy                   3
   *Regeneration                      Charms/Necromancy            3
   *Animate Dead                      Necromancy                   4
   Control Undead                     Necromancy                   4


   Skills:
 - Level 1.7 Dodging
 - Level 2.0 Stealth
 - Level 3.0 Spellcasting
 + Level 1.8 Charms
 - Level 6.3 Necromancy


You had 2 spell levels left.
You knew the following spells:

 Your Spells              Type           Power        Failure   Level  Hunger
a - Pain                  Necr           ###.         1%          1    None
b - Regeneration          Chrm/Necr      ###.......   12%         3    ###....
c - Animate Dead          Necr           N/A          14%         4    ####...


Dungeon Overview and Level Annotations

Branches:
Dungeon (3/16)

Altars:
Nemelex Xobeh

Annotations:
D:2 Ijyb
D:3 mopl's ghost, average DsFi


Innate Abilities, Weirdness & Mutations

You are surrounded by a mild repulsion field (EV +2).
You can steal the life force of nearby defeated enemies.
You can tolerate rotten meat.


Message History

Your goblin zombie barely misses mopl's ghost.
Your gnoll zombie hits mopl's ghost but does no damage.
Casting: Pain
Confirm with . or Enter, or press ? or * to list all spells.
Aiming: Pain
Press: ? - help, Shift-Dir - straight line, f/p - mopl's ghost
Aim: mopl's ghost Mopl's ghost is unaffected.
The bat hits you but does no damage. Mopl's ghost hits you!
* * * LOW HITPOINT WARNING * * *
Your goblin zombie hits mopl's ghost but does no damage.
Your gnoll zombie hits mopl's ghost but does no damage.
Your kobold zombie hits the bat.
The bat dies!
Casting: Pain
Confirm with . or Enter, or press ? or * to list all spells.
Your skin crawls.
The rat bites you.
* * * LOW HITPOINT WARNING * * *
Mopl's ghost hits you!
You die...

.....⌠.....##....'... ...
#.8............# ..
....#..............#... ...
....#..............#...
..r...###....'...........####...
..............#...........## ...
...........#####...........#####.
...b.........%.zzz.........##....
............J.p@%...............
#............r.................
#......####...K........⌠.⌠.....
#..<...# #............._.#....
#....### #............⌠.⌠#....
#....# #..............##....
#....# #....############....
#....# #..?.# #.... ###### ...#
#....


You could see an ooze, mopl's ghost, a kobold, a rat, a friendly goblin zombie,
a friendly gnoll zombie and a friendly kobold zombie.

Vanquished Creatures
  A giant frog (D:3)
  3 gnolls (D:3)
  4 adders
  3 giant geckos
  3 orcs (D:3)
  4 ball pythons
  9 bats
  4 giant cockroaches
  9 goblins
  11 hobgoblins
  4 jackals (D:1)
  2 giant newts
  7 kobolds
  8 rats
72 creatures vanquished.

Vanquished Creatures (collateral kills)
  An adder (D:3)
  A giant cockroach (D:3)
  A kobold (D:3)
  A bat (D:3)
  A giant newt (D:3)
  A rat (D:3)
6 creatures vanquished.

Vanquished Creatures (others)
  A giant cockroach zombie (D:3)
  A giant gecko zombie (D:3)
  A gnoll zombie (D:3)
  A goblin zombie (D:3)
  An orc zombie (D:3)
5 creatures vanquished.

Grand Total: 83 creatures vanquished

Notes
Turn   | Place    | Note
--------------------------------------------------------------
     0 | D:1      | Mitsuki, the Demonspawn Necromancer, began the quest for the Orb.
     0 | D:1      | Reached XP level 1. HP: 13/13 MP: 3/3
   139 | D:1      | Gained mutation: You can steal the life force of nearby defeated enemies. [demonic ancestry]
   139 | D:1      | Reached XP level 2. HP: 11/19 MP: 0/4
   378 | D:1      | Reached skill level 5 in Necromancy
   816 | D:1      | Reached XP level 3. HP: 24/24 MP: 4/6
   840 | D:1      | Learned a level 3 spell: Regeneration
  1004 | D:2      | Noticed Ijyb
  1642 | D:3      | Noticed mopl's ghost (average DsFi)
  1862 | D:2      | Gained mutation: You are surrounded by a mild repulsion field (EV +2). [demonic ancestry]
  1862 | D:2      | Reached XP level 4. HP: 27/30 MP: 4/8
  1868 | D:2      | Learned a level 4 spell: Animate Dead
  2318 | D:3      | Noticed a giant frog
  2323 | D:3      | Killed a giant frog
  2323 | D:3      | Reached skill level 6 in Necromancy
  2323 | D:3      | Gained mutation: You can tolerate rotten meat. [demonic ancestry]
  2323 | D:3      | Reached XP level 5. HP: 31/35 MP: 1/11
  2541 | D:3      | Reached skill level 1 in Charms
  2843 | D:3      | Found a sparkling altar of Nemelex Xobeh.
  2879 | D:3      | Slain by mopl's ghost

Action                   |  1- 3 |  4- 6 || total
-------------------------+-------+-------++-------
Melee: Unarmed           |    20 |       ||    20
       Club              |    98 |     7 ||   105
 Cast: Pain              |    49 |    49 ||    98
       Regeneration      |     2 |     1 ||     3
       Animate Dead      |       |     5 ||     5
  Use: Scroll            |     1 |       ||     1
